 Dungeon Crawl Stone Soup version 0.27.0-1-g7a089689b8 (webtiles) character file.

Game seed: 13810051226835116553

29993 jasper the Fighter (level 13, -6/103 HPs)
             Began as a Demonspawn Conjurer on Aug 7, 2021.
             Was the Champion of Cheibriados.
             Mangled by a slime creature (15 damage)
             ... on level 13 of the Dungeon.
             The game lasted 00:34:46 (19009 turns).

jasper the Fighter (Demonspawn Conjurer)           Turns: 19009, Time: 00:34:46

Health: -6/103     AC:  6    Str: 23    XL:     13   Next: 18%
Magic:  16/22      EV: 22    Int: 45    God:    Cheibriados [******]
Gold:   735        SH:  0    Dex: 27    Spells: 5/24 levels left

rFire    . . .     SeeInvis .     - Unarmed
rCold    + + .     Faith    .   (no shield)
rNeg     . . .     Spirit   .   T - +1 robe of Death Resistance {rC++ Will+ Archmagi}
rPois    .         Reflect  .   s - +0 helmet
rElec    .         Harm     .   b - +0 cloak
rCorr    +         Rampage  .   (no gloves)
Will     +....     Archmagi +   e - +0 pair of boots
Stlth    +++.......             (no amulet)
HPRegen  0.27/turn              c - +6 ring of intelligence
MPRegen  0.18/turn              C - ring of resist corrosion

@: very slow
A: claws 2, ignite blood 3, powered by death 2, augmentation 1
a: Renounce Religion, Bend Time, Temporal Distortion, Slouch, Step From Time


You were on level 13 of the Dungeon.
You worshipped Cheibriados.
Cheibriados was exalted by your worship.
You visited 4 branches of the dungeon, and saw 17 of its levels.

You collected 1150 gold pieces.
You spent 415 gold pieces at shops.

Inventory:

Hand Weapons
 q - a +1 vorpal rapier
Missiles
 f - 62 poisoned darts (quivered)
 k - 476 stones
 z - a throwing net
Armour
 a - a +0 robe
 b - a +0 cloak (worn)
 e - a +0 pair of boots (worn)
 g - a +0 pair of boots
 h - a +0 troll leather armour
 j - a +3 leather armour
 s - a +0 helmet (worn)
 G - +2 steam dragon scales
 T - the +1 robe of Death Resistance (worn) {rC++ Will+ Archmagi}
   (You took it off an orc on level 12 of the Dungeon)

   rC:        It greatly protects you from cold.
   Archmagi:  It increases the power of your magical spells.
   Will:      It increases your willpower.
Magical Staves
 H - a staff of earth
Jewellery
 c - a +6 ring of intelligence (left claw)
 A - a ring of willpower
 C - a ring of resist corrosion (right claw)
 I - a ring of protection from fire
 N - an amulet of guardian spirit
 P - a ring of protection from cold
 S - a ring of poison resistance
Wands
 m - a wand of acid (14)
 o - a wand of iceblast (21)
 u - a wand of polymorph (11)
 x - a wand of charming (17)
 y - a wand of paralysis (13)
 B - a wand of digging (3)
Scrolls
 t - 5 scrolls of teleportation
 D - 5 scrolls of magic mapping
 E - 2 scrolls of brand weapon
 L - 2 scrolls of fog
 O - a scroll of amnesia
 Q - 2 scrolls of enchant weapon
Potions
 i - 4 potions of curing
 l - 4 potions of magic
 n - 3 potions of might
 p - 2 potions of ambrosia
 r - 3 potions of haste
 v - 2 potions of brilliance
 w - 4 potions of cancellation
 F - a potion of attraction
 J - 2 potions of flight
 K - 2 potions of resistance
 M - a potion of lignification {unknown}
 R - a potion of mutation {unknown}


   Skills:
 - Level 10.0 Fighting
 - Level 10.0 Dodging
 - Level 1.7 Stealth
 - Level 10.0 Unarmed Combat
 - Level 6.0 Spellcasting
 - Level 6.0 Conjurations
 - Level 5.0 Transmutations
 - Level 8.0 Earth Magic
 + Level 6.7 Invocations


You had 5 spell levels left.
You knew the following spells:

 Your Spells              Type           Power      Damage    Failure   Level
a - Statue Form           Tmut/Erth      54%        N/A       21%         6
b - Searing Ray           Conj           100%       3d7       1%          2
c - Stone Arrow           Conj/Erth      100%       3d13      1%          3
d - Animate Skeleton      Necr           40%        N/A       1%          1
e - Passwall              Tmut/Erth      68%        N/A       1%          2
f - Lee's Rapid Deconstr  Erth           45%        3d23*     1%          5

Your spell library contained the following spells:

 Spells                   Type           Power      Damage    Failure   Level
 Magic Dart               Conj           100%       1d8       1%          1
 Pain                     Necr           80%        1d8       1%          1
 Sandblast                Erth           100%       2d20      1%          1
 Dazzling Flash           Conj/Hex       100%       N/A       1%          3
 Petrify                  Tmut/Erth      82%        N/A       1%          4
 Call Imp                 Summ           20%        N/A       2%          2
 Corpse Rot               Necr/Air       N/A        N/A       2%          2
 Slow                     Hex            20%        N/A       2%          2
 Mephitic Cloud           Conj/Pois/Air  47%        N/A       2%          3
 Ignite Poison            Fire/Tmut/Pois 42%        N/A       3%          3
 Swiftness                Air            20%        N/A       5%          3
 Vampiric Draining        Necr           10%        2d7       5%          3
 Fulminant Prism          Conj/Hex       28%        3d14      5%          4
 Iskenderun's Mystic Bla  Conj/Tloc      57%        2d12      5%          4
 Bolt of Magma            Conj/Fire/Erth 35%        4d15      8%          5
 Borgnjor's Vile Clutch   Necr/Erth      32%        N/A       10%         5
 Summon Ice Beast         Ice/Summ       20%        N/A       19%         4
 Alistair's Intoxication  Tmut/Pois      34%        N/A       19%         5
 Metabolic Englaciation   Hex/Ice        10%        N/A       45%         5
 Summon Mana Viper        Hex/Summ       20%        N/A       45%         5
 Eringya's Noxious Bog    Tmut/Pois      26%        N/A       71%         6
 Invisibility             Hex            10%        N/A       96%         6
 Monstrous Menagerie      Summ           10%        N/A       100%        7
 Shatter                  Erth           45%        3d35*     100%        9


Dungeon Overview and Level Annotations

Branches:
Dungeon (13/15)            Temple (1/1) D:5            Lair (2/6) D:8
    Orc (1/2) D:10
  Swamp: Lair:2-4    Shoals: Lair:2-4     Snake: Lair:2-4    Spider: Lair:2-4
 Vaults: D:13-14

Altars:
Ashenzari
Cheibriados
Elyvilon
Fedhas
Gozag
Hepliaklqana
Kikubaaqudgha
Makhleb
Okawaru
Qazlal
Ru
Sif Muna
Trog
Uskayaw
Vehumet
Wu Jian
Xom
Yredelemnul
Zin
The Shining One
Beogh
Jiyva

Shops:
D:2 *   D:5 *   D:8 (   D:9 *

Annotations:
D:11 2 transporters


Innate Abilities, Weirdness & Mutations

You have very sharp fingernails.
Your demonic aura causes all spilled blood to erupt in flames.
You regenerate health from kills.
Your magical and physical power is slightly enhanced at high health.


Message History

The large slime creature is engulfed in blazing flames.
You kill the large slime creature!
Cheibriados appreciates the change of pace.
You claw the very large slime creature!
The very large slime creature is lightly wounded.
The very large slime creature is engulfed in blazing flames.
The very large slime creature misses you.
You scratch the very large slime creature.
The very large slime creature is moderately wounded.
You claw the very large slime creature!
The very large slime creature is moderately wounded.
The very large slime creature is engulfed in blazing flames.
A very large slime creature splits.
You scratch the slime creature.
The slime creature is heavily wounded.
The large slime creature is engulfed in blazing flames.
The large slime creature hits you!
You barely miss the slime creature.
The slime creature is heavily wounded.
The slime creature is engulfed in blazing flames.
The slime creature misses you.
The large slime creature completely misses you.
You mangle the slime creature!!
You kill the slime creature!
Cheibriados thoroughly appreciates the change of pace.
The large slime creature hits you!!!
* * * LOW HITPOINT WARNING * * *
Unknown command.
Okay, then.
Okay, then.
You claw the large slime creature! x2
The large slime creature is severely wounded.
A large slime creature splits.
You claw the slime creature!
The slime creature is almost dead.
You claw the slime creature! You claw the slime creature.
You kill the slime creature!
Cheibriados appreciates the change of pace.
The slime creature hits you!
You die...

####.###
#......#
#......#
#......#
#......#
#......#
#######......#
#.....J§☼....#
.'..#####@.....#
. #.°....#
#.>..p.#
#.....>#
#...<.(#
#...(..#
####[### #[.#
#####'####


You could see a slime creature and a neutral human (wandering).

Vanquished Creatures
  Kirke (D:13)
  3 hydras
  Fannar (Lair:1)
  A boulder beetle (D:11)
  2 centaur warriors
  2 alligators (D:12)
  5 two-headed ogres
  Pikel (D:8)
  An orc knight (D:12)
  A manticore (D:12)
  2 cyclopes (D:12)
  5 cane toads
  Maggie (D:8)
  2 komodo dragons
  2 kobold demonologists (D:12)
  3 trolls
  7 slime creatures
  A wyvern (D:9)
  2 vampires
  2 wraiths
  4 basilisks
  33 yaks
  3 hogs (D:13)
  2 vampire mosquitoes (D:13)
  A steam dragon (D:9)
  Menkaure (D:5)
  A warg (D:13)
  2 hell hounds (D:12)
  3 water moccasins (Lair:1)
  A black bear (D:7)
  3 orc warriors (D:13)
  4 ogres
  2 centaurs
  4 wolves
  3 lemures (D:8)
  A phantom (D:7)
  5 kobold brigands
  A gnoll sergeant (D:10)
  4 bullfrogs
  A water moccasin zombie (D:7)
  18 killer bees
  9 wights
  4 howler monkeys
  2 centaur zombies
  5 hounds
  10 jellies
  7 orc priests
  3 centaur skeletons
  2 bullfrog skeletons
  Crazy Yiuf (D:7)
  Natasha (thrice) (D:2)
  3 iguanas
  2 hell rats (D:12)
  12 orc wizards
  A hound skeleton (D:5)
  6 gnolls
  2 howler monkey skeletons
  6 adders
  4 river rats (D:12)
  2 white imps
  2 ufetubi
  A worm (D:2)
  2 dart slugs (D:3)
  53 orcs
  6 bats
  15 endoplasms
  8 goblins
  13 hobgoblins
  17 jackals
  31 kobolds
  3 quokkas
  2 ball pythons
  8 frilled lizards
  8 rats
395 creatures vanquished.

Vanquished Creatures (others)
  2 humans (D:13)
  An orc wizard (D:13)
  6 fungi
  20 plants
29 creatures vanquished.

Grand Total: 424 creatures vanquished

Notes
Turn   | Place    | Note
-------+----------+-------------------------------------------
     0 | D:1      | jasper the Demonspawn Conjurer began the quest for the Orb.
     0 | D:1      | Reached XP level 1. HP: 13/13 MP: 3/3
   233 | D:1      | Gained mutation: You have sharp fingernails. [demonic
                  | ancestry]
   233 | D:1      | Reached XP level 2. HP: 16/19 MP: 0/5
   278 | D:1      | Learned a level 2 spell: Searing Ray
  1114 | D:1      | Gained mutation: You have very sharp fingernails. [demonic
                  | ancestry]
  1114 | D:1      | Reached XP level 3. HP: 24/24 MP: 2/7
  1204 | D:2      | Learned a level 3 spell: Stone Arrow
  1368 | D:2      | Found a faded altar of an unknown god.
  1441 | D:2      | Noticed Natasha
  1446 | D:2      | Learned a level 1 spell: Animate Skeleton
  2301 | D:4      | Reached skill level 1 in Earth Magic
  2354 | D:4      | Gained mutation: You regenerate a little health from kills.
                  | [demonic ancestry]
  2354 | D:4      | Reached XP level 4. HP: 30/30 MP: 4/8
  3313 | D:4      | Gained mutation: Your demonic aura sometimes causes spilled
                  | blood to erupt in flames. [demonic ancestry]
  3313 | D:4      | Reached XP level 5. HP: 35/35 MP: 4/10
  3635 | D:4      | Reached skill level 5 in Conjurations
  3787 | D:5      | Entered Level 5 of the Dungeon
  3787 | D:5      | Noticed an ogre
  3820 | D:5      | Noticed Menkaure
  3828 | D:5      | Noticed an ogre
  3881 | D:5      | Noticed a wraith
  4074 | D:2      | Found Xuafrafo's General Store.
  4086 | D:2      | Bought a scroll of identify for 28 gold pieces
  4086 | D:2      | Bought a potion of ambrosia for 112 gold pieces
  4086 | D:2      | Bought a +0 rapier for 56 gold pieces
  4086 | D:2      | Bought a potion of curing for 42 gold pieces
  4165 | D:2      | Killed Natasha
  4166 | D:2      | Gained mutation: Your demonic aura often causes spilled
                  | blood to erupt in flames. [demonic ancestry]
  4166 | D:2      | Reached XP level 6. HP: 41/41 MP: 5/12
  4270 | D:2      | Noticed Natasha
  4275 | D:2      | Killed Natasha
  4357 | D:2      | Noticed Natasha
  4361 | D:2      | Killed Natasha
  4650 | D:5      | Found an ancient bone altar of Kikubaaqudgha.
  4905 | D:5      | Killed a wraith
  4906 | D:5      | Reached skill level 5 in Spellcasting
  4906 | D:5      | Reached XP level 7. HP: 38/46 MP: 6/14
  5244 | D:5      | Found Ystryigi's Assorted Antiques.
  5263 | D:5      | Bought a sapphire potion for 22 gold pieces
  5326 | D:5      | Found a staircase to the Ecumenical Temple.
  5411 | Temple   | Entered the Ecumenical Temple
  5420 | Temple   | Became a worshipper of Cheibriados the Contemplative
  6067 | D:5      | Killed Menkaure
  6544 | D:6      | Reached skill level 5 in Earth Magic
  6544 | D:6      | Reached XP level 8. HP: 49/52 MP: 10/16
  6553 | D:6      | Learned a level 2 spell: Passwall
  6559 | D:6      | Learned a level 5 spell: Lee's Rapid Deconstruction
  6647 | D:6      | Reached * piety under Cheibriados
  6883 | D:6      | Reached skill level 1 in Unarmed Combat
  7127 | D:6      | Reached skill level 1 in Fighting
  7234 | D:6      | Reached skill level 1 in Transmutations
  8545 | D:7      | Found a shimmering blue altar of Sif Muna.
  8766 | D:7      | Reached ** piety under Cheibriados
  8767 | D:7      | Reached XP level 9. HP: 51/62 MP: 12/18
  8865 | D:7      | Found a bloodstained altar of Trog.
  9017 | D:7      | Found an opulent altar of Gozag.
  9338 | D:7      | Found a runed translucent door.
  9340 | D:7      | Noticed Crazy Yiuf
  9346 | D:7      | Killed Crazy Yiuf
  9565 | D:8      | Noticed Pikel
  9574 | D:8      | Killed Pikel
  9716 | D:8      | Found Sytumm's Antique Weapon Emporium.
  9728 | D:8      | Got Devai's Arcane Arts, Part Two
  9835 | D:8      | Found a viscous altar of Jiyva.
 10200 | D:8      | Found a staircase to the Lair.
 10334 | D:8      | Noticed a two-headed ogre
 10339 | D:8      | Killed a two-headed ogre
 10568 | D:8      | Reached *** piety under Cheibriados
 10570 | D:8      | Gained mutation: You regenerate health from kills. [demonic
                  | ancestry]
 10570 | D:8      | Reached XP level 10. HP: 62/72 MP: 14/19
 10728 | D:8      | Noticed Maggie
 10733 | D:8      | Killed Maggie
 11183 | D:9      | Reached skill level 5 in Fighting
 11254 | D:9      | Reached skill level 5 in Dodging
 11561 | D:9      | Reached **** piety under Cheibriados
 11687 | D:9      | Reached skill level 5 in Unarmed Combat
 11782 | D:9      | Found a basalt altar of Yredelemnul.
 11790 | D:9      | Found an iron altar of Okawaru.
 11796 | D:9      | Found a sacrificial altar of Ru.
 11801 | D:9      | Found an ornate altar of the Wu Jian Council.
 11808 | D:9      | Found a shimmering altar of Xom.
 11814 | D:9      | Found a hide-covered altar of Uskayaw.
 11885 | D:9      | Found Raetias's Assorted Antiques.
 11893 | D:9      | Bought a potion of curing for 93 gold pieces
 11893 | D:9      | Bought a scroll labelled INOLOS QA RIS for 31 gold pieces
 11893 | D:9      | Bought a scroll labelled IRGHIA BOG FAS for 31 gold pieces
 11893 | D:9      | Identified a scroll of acquirement
 11895 | D:9      | Acquired a staff of earth
 12098 | D:10     | Entered Level 10 of the Dungeon
 12109 | D:10     | Reached skill level 5 in Transmutations
 12205 | D:10     | Noticed a centaur warrior
 12267 | Lair:1   | Entered Level 1 of the Lair of Beasts
 12277 | Lair:1   | Noticed a cane toad
 12284 | Lair:1   | Killed a cane toad
 12436 | Lair:1   | Gained mutation: Your demonic aura causes all spilled blood
                  | to erupt in flames. [demonic ancestry]
 12436 | Lair:1   | Reached XP level 11. HP: 73/81 MP: 3/20
 12740 | Lair:1   | Noticed Fannar
 12748 | Lair:1   | Killed Fannar
 13110 | Lair:1   | Found an iron altar of Okawaru.
 13519 | Lair:2   | Noticed an eight-headed hydra
 13520 | Lair:2   | Noticed a death yak
 13523 | Lair:2   | Noticed a death yak
 14337 | Lair:2   | Noticed a five-headed hydra
 14344 | Lair:2   | Killed a five-headed hydra
 14424 | Lair:2   | Killed an eight-headed hydra
 14639 | Lair:2   | Noticed a death yak
 14641 | Lair:2   | Noticed a death yak
 14642 | Lair:2   | Noticed a death yak
 15060 | D:10     | Reached ***** piety under Cheibriados
 15179 | D:10     | Killed a centaur warrior
 15291 | D:10     | Found a staircase to the Orcish Mines.
 15746 | Orc:1    | Entered Level 1 of the Orcish Mines
 15967 | D:11     | Found a transporter.
 15969 | D:11     | Found a transporter.
 15992 | D:11     | Noticed an orb spider
 16073 | D:11     | Noticed a boulder beetle
 16079 | D:11     | Killed a boulder beetle
 16082 | D:11     | Gained mutation: Your magical and physical power is
                  | slightly enhanced at high health. [demonic ancestry]
 16082 | D:11     | Reached XP level 12. HP: 87/94 MP: 5/21
 16196 | D:11     | Noticed a two-headed ogre
 16206 | D:11     | Killed a two-headed ogre
 16886 | D:12     | Noticed a two-headed ogre
 16889 | D:12     | Killed a two-headed ogre
 16951 | D:12     | Noticed a six-headed hydra
 16951 | D:12     | Noticed a two-headed ogre
 16954 | D:12     | Killed a six-headed hydra
 16957 | D:12     | Killed a two-headed ogre
 17101 | D:12     | Learned a level 6 spell: Statue Form
 17445 | D:12     | Noticed a two-headed ogre
 17451 | D:12     | Killed a two-headed ogre
 17637 | D:12     | Reached skill level 10 in Fighting
 17669 | D:12     | Reached ****** piety under Cheibriados
 18017 | D:12     | Noticed an alligator
 18025 | D:12     | Killed an alligator
 18087 | D:12     | Noticed an alligator
 18098 | D:12     | Killed an alligator
 18099 | D:12     | Reached skill level 10 in Dodging
 18502 | D:12     | Identified the +1 robe of Death Resistance {rC++ Will+
                  | Archmagi}
 18571 | D:13     | Reached skill level 10 in Unarmed Combat
 18577 | D:13     | Reached skill level 1 in Invocations
 18606 | D:13     | Noticed a centaur warrior
 18608 | D:13     | Noticed Kirke
 18613 | D:13     | Reached XP level 13. HP: 61/103 MP: 18/22
 18624 | D:13     | Killed Kirke
 18625 | D:13     | Reached skill level 5 in Invocations
 19009 | D:13     | Mangled by a slime creature

Illustrated notes

Levels and vault maps discovered:
D:1:      shiori_arrival_maze, layout_rooms, interstate_on_off,
          minmay_misc_feat_four_crosses, minmay_cut_off
D:2:      layout_rooms, chequers_ecumenical_altar_island, serial_shops,
          nicolae_shop_crystal, st_stairs_12, corexii_item_surrounded_by_moat,
          uniq_natasha
D:3:      layout_loops_ring
D:4:      layout_loops_corners, serial_bayou_lagoon_a, st_stairs_9
D:5:      layout_layer_cave, old_standard_altar, minmay_temple_entry_tees,
          serial_shops, kennysheep_little_box, uniq_menkaure
D:6:      layout_layer_cave
D:7:      layout_basic, pdpol_temple_overflow_zin_treasury_gozag_greed,
          trog_hazing_becter, nicolae_sif_muna_condensation, sigmund_army,
          uniq_crazy_yiuf_cottage
D:8:      layout_basic, lair_entry_dummy, serial_shops, shop, jiyva_altar_1,
          uniq_maggie, uniq_pikel
D:9:      layout_irregular_city, grunt_temple_overflow_octagram, serial_shops,
          shop, grunt_ministairs_10
D:10:     layout_loops_ring, orc_0_dummy
D:11:     layout_roguey, gammafunk_ghost_abyssal_escape
D:12:     layout_roguey [special_room_orc], minivault_1,
          hangedman_parallel_progression
D:13:     layout_roguey, hangedman_vaults_entry_quadrant_bands,
          nicolae_looking_at_the_future, uniq_kirke, uniq_azrael
Temple:   eino_temple_lava
Lair:1:   layout_regular_city, basic_altar, columned_hall_lemuel, uniq_fannar
Lair:2:   layout_hall_layers, grunt_megastairs_2
Orc:1:    layout_caves, uniq_harold

Skill      XL: |  1  2  3  4  5  6  7  8  9 10 11 12 13 |
---------------+----------------------------------------+-----
Spellcasting   | 3 4 5 6 |  6.0
Earth Magic    | 1 2 3 5 6 7 8 |  8.0
Conjurations   | 5 6 |  6.0
Dodging        | 3 4 6 8 10 | 10.0
Unarmed Combat | 2 4 5 7 10 | 10.0
Fighting       | 2 4 6 8 10 | 10.0
Transmutations | 2 3 5 |  5.0
Invocations    | 2 6 |  6.7
Stealth        | |  1.7

Action                   |  1- 3 |  4- 6 |  7- 9 | 10-12 | 13-15 || total
-------------------------+-------+-------+-------+-------+-------++-------
Melee: Unarmed           |     3 |     1 |    43 |   262 |    21 ||   330
       Punch             |       |       |       |    17 |     2 ||    19
Throw: Dart              |     6 |     3 |    20 |    35 |       ||    64
 Cast: Magic Dart        |    90 |    15 |    73 |     4 |       ||   182
       Searing Ray       |     2 |    23 |    55 |    39 |     3 ||   122
       Stone Arrow       |       |       |       |    67 |     6 ||    73
  Use: Scroll            |     4 |       |    13 |     8 |       ||    25
       Potion            |       |       |       |     1 |     1 ||     2
 Stab: Distracted        |       |       |       |     3 |       ||     3
       Sleeping          |       |       |       |     2 |       ||     2
Armor: Robe              |     4 |       |       |     5 |       ||     9
       Leather armour    |     4 |     3 |    47 |       |       ||    54
       Steam dragon scal |       |       |       |    87 |       ||    87
Dodge: Dodged            |    11 |     5 |    65 |   339 |    19 ||   439
